AoeStats
← OmarGutieG

Arabia

508059524Analyzed
2v2 RM · 11d ago on Sep 20, 2026· 49m 0s· 4 players
Game mode
Random Map
Map size
Medium (4 player)
Population
200
Speed
Normal
Resources
Standard
Victory
Conquest
Starting age
Dark Age
Ending age
Imperial Age
RankedLock teamsTeams togetherTeam positionsShared explorationLock speedFull tech treeHidden civsTurbo modeCheats
Victory
Defeat
🇳🇴 Jurchens · Norway
1314
+16
🇳🇴 Magyars · Norway
1268
+19
🇲🇽 Magyars · Mexico
1330
-18
🇲🇽 Ethiopians · Mexico
1315
-17
Jon2000
7:09 Loom
9:41 Feudal Age
9:49 Man-at-Arms
14:52 Double-Bit Axe
15:41 Fletching
17:31 Padded Archer Armor
17:49 Horse Collar
19:36 Gold Mining
25:51 Castle Age
24:36 Stone Mining
25:07 Scale Barding Armor
25:12 Forging
26:30 Bloodlines
26:55 Chain Barding Armor
27:50 Husbandry
27:50 Bodkin Arrow
28:52 Bow Saw
30:00 Wheelbarrow
39:56 Heavy Plow
42:27 Iron Casting
43:41 Hand Cart
45:51 Town Watch
Gauda
6:05 Loom
8:44 Feudal Age
10:21 Double-Bit Axe
21:53 Castle Age
22:32 Fletching
23:36 Padded Archer Armor
23:39 Husbandry
25:18 Bodkin Arrow
26:23 Bow Saw
28:51 Leather Archer Armor
28:41 Horse Collar
28:36 Pikeman
29:41 Scale Mail Armor
30:51 Bloodlines
31:29 Chain Mail Armor
35:34 Arson
40:12 Ballistics
47:44 Imperial Age
45:51 Wheelbarrow
46:03 Heavy Plow
49:42 Chemistry
48:43 Bracer
48:55 Recurve Bow
49:26 Ring Archer Armor
49:58 Parthian Tactics
armigame1
6:10 Loom
9:25 Feudal Age
20:01 Double-Bit Axe
20:00 Horse Collar
20:42 Gold Mining
21:08 Scale Barding Armor
24:02 Castle Age
23:04 Bloodlines
25:02 Light Cavalry
26:19 Chain Barding Armor
26:14 Husbandry
34:24 Gold Shaft Mining
36:20 Wheelbarrow
41:49 Hand Cart
OmarGutieG
6:56 Loom
9:09 Feudal Age
16:54 Forging
24:33 Castle Age
23:12 Double-Bit Axe
23:38 Gold Mining
25:10 Fletching
24:41 Crossbowman
25:25 Padded Archer Armor
31:38 Wheelbarrow
31:30 Thumb Ring
31:58 Leather Archer Armor
32:35 Town Watch
35:26 Horse Collar
35:52 Bodkin Arrow
36:22 Ballistics
38:58 Hand Cart
Connection lost

Rejoining the realm…

Still unreachable

The connection could not be restored.

Session expired

The server has moved on; the page needs a fresh start.